 Seeded DCSS version 0.27.1-34-g3ba077fa99 (webtiles) character file.

Game seed: 1804034943127337514 (custom seed)

19 hikkokomori the Conjurer (level 2, 0/22 HPs)
             Began as a Demigod Conjurer on Feb 2, 2022.
             Slain by an adder (3 damage)
             ... on level 2 of the Dungeon.
             The game lasted 00:02:47 (1362 turns).

hikkokomori the Conjurer (Demigod Conjurer)         Turns: 1362, Time: 00:02:49

Health: 0/22       AC:  6    Str:  8    XL:     2   Next: 39%
Magic:  7/7        EV:  8    Int: 20    God:
Gold:   29         SH:  0    Dex: 12    Spells: 4/5 levels left

rFire    . . .     SeeInvis .   d - +0 dagger (holy)
rCold    . . .     Faith    .   (no shield)
rNeg     . . .     Spirit   .   c - +0 scale mail
rPois    .         Reflect  .   (no helmet)
rElec    .         Harm     .   (no cloak)
rCorr    .         Rampage  .   (no gloves)
Will     .....                  (no boots)
Stlth    ..........             (no amulet)
HPRegen  0.07/turn              (no ring)
MPRegen  0.10/turn              (no ring)

@: no status effects
A: high mp 1, forlorn
a: no special abilities


You were on level 2 of the Dungeon.
You visited 1 branch of the dungeon, and saw 2 of its levels.

You collected 29 gold pieces.

Inventory:

Hand Weapons
 b - a +0 dagger
 d - a +0 dagger of holy wrath (weapon)
Armour
 a - a +0 robe
 c - a +0 scale mail (worn)
Scrolls
 e - a scroll of teleportation {unknown}
Potions
 f - 2 potions of flight {unknown}
 g - a potion of might {unknown}
 h - a potion of attraction {unknown}


   Skills:
 + Level 0.6 Fighting
 + Level 0.6 Armour
 + Level 2.0 Dodging
 - Level 1.7 Stealth
 + Level 2.0 Spellcasting
 + Level 3.7 Conjurations


You had 4 spell levels left.
You knew the following spells:

 Your Spells              Type           Power      Damage    Failure   Level
a - Magic Dart            Conj           68%        1d6       34%         1

Your spell library contained the following spells:

 Spells                   Type           Power      Damage    Failure   Level
 Searing Ray              Conj           34%        3d4       45%         2
 Dazzling Flash           Conj/Hex       18%        N/A       92%         3
 Fulminant Prism          Conj/Hex       4%         3d6       100%        4
 Iskenderun's Mystic Bla  Conj/Tloc      9%         2d4       100%        4


Dungeon Overview and Level Annotations

Branches:
Dungeon (2/15)


Innate Abilities, Weirdness & Mutations

Your attributes grow dramatically as you level up.
You have an increased reservoir of magic. (+10% MP)
You shall have no god before yourself.


Message History

You closely miss the rat. The rat completely misses you.
You barely miss the rat. The rat bites you.
You hit the rat.
The rat is moderately wounded.
The rat bites you but does no damage.
You closely miss the rat.
The rat is moderately wounded.
The rat bites you but does no damage.
You hit the rat.
You kill the rat!
No target in view!
Found a war axe.
You see here a rat corpse.
Found 15 gold pieces.
An adder comes into view.
The adder bites you.
You are poisoned.
The adder poisons you!
An adder is nearby!
An adder is nearby!
You miss the adder.
You feel sick. The adder bites you but does no damage.
You miss the adder.
You feel sick. The adder bites you.
You closely miss the adder.
You feel sick. The adder bites you.
You are more poisoned.
The adder poisons you! The adder barely misses you.
You are too injured to fight recklessly!
You are too injured to fight recklessly!
You feel sick.
You feel sick.
You feel sick. The adder barely misses you.
You feel sick.
You feel sick.
You feel sick.
You feel sick. The adder bites you but does no damage.
You feel sick.
You are no longer poisoned.
The adder barely misses you. The adder barely misses you. The adder bites you.
You die...

#.#...## .#
####.##.##
.#
#....##.#
.#
#.#####.#
.# #.# #.#
.. #.# #..
#.# ### #S#
#@#########
#..........
#..####..##
#..# #..#
#.)# #..#
#..# #..#


You could see an adder.

Vanquished Creatures
  2 dart slugs (D:1)
  A ball python (D:1)
  2 bats (D:1)
  A goblin (D:1)
  2 quokkas (D:1)
  2 frilled lizards (D:1)
  2 kobolds
  4 rats
16 creatures vanquished.

Notes
Turn   | Place    | Note
-------+----------+-------------------------------------------
     0 | D:1      | hikkokomori the Demigod Conjurer began the quest for the
                  | Orb.
     0 | D:1      | Reached XP level 1. HP: 14/14 MP: 5/5
   686 | D:1      | Reached XP level 2. HP: 18/22 MP: 7/7
  1362 | D:2      | Slain by an adder

Illustrated notes

Levels and vault maps discovered:
D:1:      lordsloth_arrival_two_stooges, layout_rooms, minivault_14
D:2:      layout_loops_ring

Skill      XL: |  1  2 |
---------------+-------+-----
Dodging        | 2 |  2.0
Spellcasting   | 2 |  2.0
Fighting       | |  0.6
Armour         | |  0.6
Stealth        | |  1.7
Conjurations   | |  3.7

Action                   || total
-------------------------++-------
Melee: Dagger            ||   105
       Unarmed           ||     5
 Cast: Magic Dart        ||     5
Armor: Scale mail        ||    67
       Robe              ||     1
Dodge: Dodged            ||    52
